Map: Odyssey LE

Players

SuperMan

  • Race: Terran Terran
  • Spawn Location: 5:00

A.I. 1 (Very Easy) - Winner!

  • Race: Protoss Protoss
  • Spawn Location: 11:00

VOD

Have the link to the VOD?

Description

Time

  • Played on: Sept. 10, 2017, 7:44 a.m.
  • Length: 4:50
Show
View Real Time Build Order
Export as new Build Order

SuperMan Terran 

Build Orders:  

Get SALT Encoding   

  12  0:01  SCV  
  13  0:13  SCV  
  14  0:17  Supply Depot  
  14  0:25  SCV  
  15  0:39  SCV  
  15  0:40  Barracks  
  16  0:46  Refinery  
  16  0:51  SCV  
  17  1:03  SCV  
  18  1:05  Refinery  
  18  1:16  SCV  
  19  1:28  SCV, Barracks Tech Lab  
  20  1:40  SCV  
  20  1:44  Command Center  
  21  1:53  SCV  
  22  1:56  Stimpack  
  23  2:11  Orbital Command  
  22  2:16  Supply Depot  
  22  2:25  Factory  
  22  2:38  SCV  
  23  2:44  Barracks  
  23  2:50  SCV  
  23  2:51  Marine  
  25  2:56  Orbital Command  
  25  3:03  SCV  
  26  3:09  Starport  
  26  3:10  Factory Tech Lab  
  26  3:13  Marine  
  26  3:18  SCV  
  28  3:20  Orbital Command  
  28  3:30  Siege Tank  
  28  3:31  Marine x2  
  33  3:39  SCV  
  34  3:45  Medivac  
  36  3:49  Marine x2, Supply Depot  
  36  3:53  SCV x2  
  40  4:02  Siege Tank  
  43  4:06  SCV  
  43  4:07  SCV, Marine  
  46  4:10  Marine  
  46  4:15  Medivac  
  49  4:22  SCV x2  
  51  4:25  Marine  
  51  4:28  Marine  
  53  4:35  SCV  
  54  4:40  Supply Depot  
  54  4:48  Command Center  
Show
View Real Time Build Order
Export as new Build Order

A.I. 1 (Very Easy) Protoss - Winner!

Build Orders:  

Get SALT Encoding   

  12  0:01  Probe (Chrono Boost)  
  13  0:11  Probe (Chrono Boost)  
  14  0:19  Pylon  
  14  0:35  Assimilator  
  14  0:43  Gateway  
  14  0:47  Pylon  
  14  1:13  Assimilator  
  14  1:20  Probe (Chrono Boost)  
  15  1:31  Probe (Chrono Boost)  
  16  1:33  Cybernetics Core  
  16  1:41  Probe (Chrono Boost)  
  17  1:52  Probe (Chrono Boost)  
  18  1:56  Warp Gate  
  18  2:03  Probe (Chrono Boost)  
  19  2:09  Stalker  
  19  2:14  Probe (Chrono Boost)  
  22  4:23  Probe (Chrono Boost)  
Tags
 
Matchup
PvT
Spawn Locations
Cross Positions
Add a new tag
Caveats
  • Supply blocks, unpowered buildings, or Contaminate may cause inaccurate times.
  • Supply counts are checked every 10 seconds.